 Dungeon Crawl Stone Soup version 0.28.0-45-g0d030f2227 (webtiles) character file.

Game seed: 2910902187208422793

4361 mortz the Thaumaturge (level 10, -4/64 HPs)
             Began as a Djinni Conjurer on Apr 19, 2022.
             Was an Initiate of Gozag.
             Killed from afar by an acid dragon (22 damage)
             ... with a splash of acid
             ... on level 8 of the Dungeon.
             The game lasted 00:48:55 (12306 turns).

mortz the Thaumaturge (Djinni Conjurer)            Turns: 12306, Time: 00:48:55

Health: -4/64      AC:  3    Str:  6    XL:     10   Next: 60%
Gold:   616        EV: 12    Int: 25    God:    Gozag SH:  0 Dex: 11

rFire   + + .      SeeInvis .   j - +2 dire flail (vorpal) {mace}
rCold   x . .      Faith    .   (shield currently unavailable)
rNeg    . . .      Spirit   .   k - +0 leather armour
rPois   ∞          Reflect  .   (no helmet)
rElec   .          Harm     .   p - +0 cloak
rCorr   .          Rampage  .   t - +2 pair of gloves {infuse}
Will    +....                   (boots unavailable)
Stlth   +++.......              (no amulet)
HPRegen 0.20/turn               (no ring)
MPRegen 0.00/turn               (no ring)

@: corroded, gold aura, flying
A: sickness immunity, fire resistance 2, cold vulnerability 1, float, innate
caster, HP casting, extra vitality 1
a: Renounce Religion, Potion Petition, Call Merchant, Bribe Branch


You were on level 8 of the Dungeon.
You worshipped Gozag.
Gozag was pleased with you.
You visited 2 branches of the dungeon, and saw 9 of its levels.

You collected 916 gold pieces.
You spent 210 gold pieces at shops.
You paid 90 gold pieces to Gozag.


Innate Abilities, Weirdness & Mutations

You are immune to sickness and miasma.
You are immune to poison.
Your flesh is very heat resistant. (rF++)
You are vulnerable to cold. (rC-)
You float through the air rather than walking.
You learn spells naturally, not from books.
Your magical power is your life essence.
You have superior vitality. (+4 MHP)


   Skills:
 + Level 2.2 Fighting
 + Level 0.1 Maces & Flails
 + Level 4.0 Armour
 + Level 5.0 Dodging
 + Level 5.3 Stealth
 + Level 9.9 Spellcasting


You had 6 spell levels left.
You knew the following spells:

 Your Spells              Type           Power      Damage    Failure   Level
a - Magic Dart            Conj           100%       1d8       1%          1
b - Searing Ray           Conj           100%       2d8       1%          2
c - Dazzling Flash        Conj/Hex       100%       N/A       1%          3
d - Fulminant Prism       Conj/Hex       29%        3d14      1%          4
e - Iskenderun's Mystic   Conj/Tloc      58%        2d12      1%          4
f - Apportation           Tloc           100%       N/A       1%          1
g - Static Discharge      Conj/Air       58%        N/A       1%          2
h - Passwall              Tmut/Erth      48%        N/A       1%          2
i - Vampiric Draining     Necr           58%        2d10      1%          3
Your spell library was empty.

Inventory:

Hand Weapons
 d - a +0 dagger {short}
   (You took it off a kobold on level 1 of the Dungeon)
 h - a +0 spectral short sword {short}
   (You took it off a kobold on level 1 of the Dungeon)
 j - a +2 vorpal dire flail (weapon) {mace}
   (You took it off Edmund on level 6 of the Dungeon)
 m - a +2 spear of freezing {polearm}
   (You took it off a gnoll on level 3 of the Dungeon)
Missiles
 b - 328 stones {throwing}
 c - 135 arrows
 e - 6 javelins {throwing}
 f - 15 poisoned darts {throwing}
 n - 6 silver boomerangs {throwing}
 r - 14 boomerangs {throwing}
 v - 21 sling bullets
 C - 42 bolts
Armour
 a - a +0 robe
 k - a +0 leather armour (worn)
   (You found it on level 2 of the Dungeon)
 p - a +0 cloak (worn)
   (You found it on level 3 of the Dungeon)
 t - a +2 pair of gloves of infusion (worn)
   (You bought it in a shop on level 7 of the Dungeon)
 D - a +1 robe of cold resistance
   (You took it off Pikel on level 7 of the Dungeon)
Jewellery
 i - a ring of ice
   (You found it on level 1 of the Dungeon)
Wands
 l - a wand of polymorph (1)
   (You found it on level 8 of the Dungeon)
 w - a wand of iceblast (2)
   (You found it on level 4 of the Dungeon)
 y - a wand of digging (6)
   (You found it on level 5 of the Dungeon)
 B - a wand of mindburst (13)
   (You found it on level 7 of the Dungeon)
Scrolls
 u - a scroll of fog
Potions
 g - 2 potions of resistance
 o - a potion of invisibility
 q - a potion of degeneration {unknown}
 s - 3 potions of mutation {!q}
 x - a potion of attraction {unknown}
 z - 2 potions of might
 A - 4 potions of curing {@q1}

Dungeon Overview and Level Annotations

Branches:
Dungeon (8/15)             Temple (1/1) D:5
   Lair: D:8-11

Altars:
Ashenzari
Cheibriados
Dithmenos
Elyvilon
Fedhas
Gozag
Hepliaklqana
Kikubaaqudgha
Makhleb
Nemelex Xobeh
Okawaru
Qazlal
Ru
Sif Muna
Trog
Uskayaw
Vehumet
Wu Jian
Xom
Yredelemnul
Zin
The Shining One

Shops:
D:4 :   D:7 [

Annotations:
D:6 exclusion: downstairs
D:7 4 runed translucent doors, exclusion: 3 orange crystal statues, Menkaure; seaoflcl's ghost, novice HuFi

#.....(..o..
#...?.......
#...D.#.....
#....o# ...
#.....# .
#.....# #.....#
#.....# ###..
#....@###.......
#.......#.......
#.......#.......
$
###.....#.......
#...........[...
#..............
#.....<....###
#..........#
#..........#


You could see an acid dragon (catching breath) and an orc priest.


Message History

Press: ? - help, Q - select action, (/) - cycle Shift-Dir - straight line, f/p - bullfrog
Aim: a bullfrog (heavily wounded, 100% to hit)
The magic dart hits the bullfrog. 😕 HP[-1]
You take 1 damage, and now have 63/64 hp.
Aiming: Magic Dart (safe; 1% risk of failure)
Press: ? - help, Q - select action, (/) - cycle Shift-Dir - straight line, f/p - bullfrog
Aim: a bullfrog (severely wounded, 100% to hit)
The magic dart hits the bullfrog!
You kill the bullfrog!
Your Dodging skill increases to level 5! 😕 HP[-1]
You take 1 damage, and now have 62/64 hp.
l - a wand of polymorph (1) 😎 HP[+2]
Your hp is fully restored (64).
You now have 616 gold pieces (gained 9).
b - 328 stones {throwing} (gained 24)
A steam dragon comes into view.
You see here a scroll labelled IDEIWK UDAGG.
Aiming: Magic Dart (safe; 1% risk of failure)
Press: ? - help, Q - select action, (/) - cycle Shift-Dir - straight line, f - steam dragon
Aim: a steam dragon (asleep, 100% to hit)
The magic dart hits the steam dragon but does no damage.
The steam dragon hisses angrily.
Casting: Magic Dart (safe; 1% risk of failure)
Confirm with . or Enter, or press ? or * to list all spells.
Aiming: Fulminant Prism (dangerous; 1% risk of failure)
Press: ? - help, Dir - move target, p - steam dragon You conjure a prism of explosive energy!
A fulminant prism comes into view.
A splash of acid appears from out of your range of vision.
The splash of acid hits your fulminant prism!!
The acid corrodes your fulminant prism!
You hear a shout! 😕 HP[-4]
You take 4 damage, and now have 60/64 hp.
Aiming: Magic Dart (safe; 1% risk of failure)
Press: ? - help, Q - select action, (/) - cycle Shift-Dir - straight line
Okay, then.
Casting: Magic Dart (safe; 1% risk of failure)
Confirm with . or Enter, or press ? or * to list all spells.
Aiming: Fulminant Prism (dangerous; 1% risk of failure)
Press: ? - help, Dir - move target You conjure a prism of explosive energy!
A fulminant prism comes into view.
An orc priest comes into view. It is wielding a +1 dagger of draining.
An acid dragon comes into view. 😕 HP[-4]
You take 4 damage, and now have 56/64 hp.
Aiming: Magic Dart (safe; 1% risk of failure)
Press: ? - help, Q - select action, (/) - cycle Shift-Dir - straight line, f - steam dragon
Aim: a steam dragon (ally target, 100% to hit)
The magic dart hits the steam dragon.
Your fulminant prism crackles loudly. 😕 HP[-1]
You take 1 damage, and now have 55/64 hp.
Aiming: Magic Dart (safe; 1% risk of failure)
Press: ? - help, Q - select action, (/) - cycle Shift-Dir - straight line, f/p - steam dragon
Aim: a steam dragon (lightly wounded, ally target, 100% to hit)
The magic dart hits the steam dragon but does no damage.
The blast of energy engulfs the steam dragon!!
You hear a shout! x5; You hear an angry buzzing noise.
You hear a shout! x3
You hear an angry hiss.
You hear an angry buzzing noise.
You hear a shout! 😕 HP[-1]
You take 1 damage, and now have 54/64 hp.
Casting: Magic Dart (safe; 1% risk of failure)
Confirm with . or Enter, or press ? or * to list all spells.
Aiming: Searing Ray (safe; 1% risk of failure)
Press: ? - help, Shift-Dir - straight line, f/p - steam dragon
Aim: a steam dragon (almost dead, 83% to hit)
The searing ray hits the steam dragon.
You kill the steam dragon! (Press . to maintain the ray.)
The acid dragon spits acid at you. The splash of acid hits you!!
* * * LOW HITPOINT WARNING * * *
The acid corrodes you!
An orc comes into view. It is wielding a +0 hand axe.
The orc priest miscasts a cantrip.
You hear a shout!
Your Armour skill increases to level 4! 😨 HP[-23]
You take 23 damage, and now have 31/64 hp.
MASSIVE DAMAGE!! (PAUSE)
An orc comes into view. It is wielding a +0 hand axe.
The orc moves out of view.
An orc warrior comes into view. It is wielding a +0 halberd.
The orc priest invokes the aid of Beogh against you.
Pain shoots through your body!
* * * LOW HITPOINT WARNING * * *
The orc warrior moves out of view. 😨 HP[-14]
You take 14 damage, and now have 17/64 hp.
MASSIVE DAMAGE!! (PAUSE) 😨 HP[+1]
The acid dragon spits acid at you. The splash of acid hits you!!
You die...
Your body crumbles into a pile of gold.

Skill      XL: |  1  2  3  4  5  6  7  8  9 10 |
---------------+-------------------------------+-----
Spellcasting   | 4 5 6 7 9 |  9.9
Stealth        | 2 3 4 5 |  5.3
Fighting       | 1 2 |  2.2
Dodging        | 3 4 5 |  5.0
Armour         | 2 4 |  4.0
Maces & Flails | |  0.1

Action                   |  1- 3 |  4- 6 |  7- 9 | 10-12 || total
-------------------------+-------+-------+-------+-------++-------
Melee: Dire flail        |       |       |       |     1 ||     1
 Cast: Magic Dart        |    48 |    77 |    56 |    13 ||   194
       Searing Ray       |    12 |    45 |    42 |     7 ||   106
       Fulminant Prism   |       |       |     6 |     9 ||    15
       Iskenderun's Myst |       |       |     8 |     8 ||    16
  Use: Scroll            |       |    11 |     5 |     1 ||    17
Armor: Robe              |       |     2 |     3 |       ||     5
       Leather armour    |       |       |     2 |     1 ||     3
Dodge: Dodged            |     2 |     9 |    33 |     3 ||    47

Levels and vault maps discovered:
D:1:      erik_arrival_blinker_ship, layout_basic, serial_park_tiny_2,
          minmay_misc_feat_encased, dk_noncrumbling_3
D:2:      layout_loops_corners, minmay_misc_feat_chi, serial_bayou_pond_e
D:3:      layout_basic, nicolae_qazlal_general_emergency,
          mainiacjoe_overflow_brackets, gammafunk_temple_overflow_pools,
          trog_wizard, chequers_ecumenical_altar_simple, minivault_4
D:4:      layout_loops_corners, serial_shops, nicolae_inconvenience_store,
          minmay_increasing_density
D:5:      layout_rooms, temple_fountains
D:6:      layout_rooms, minmay_misc_feat_diagonals, minmay_misc_feat_enclosed,
          uniq_edmund, uniq_duvessa
D:7:      layout_layer_cave, led_sif_pool, serial_shops, nicolae_shop_crystal,
          gammafunk_ghost_icy, serial_co_window_serial, co_window_paths_b,
          co_window_paths_b, co_window_corner_a, co_window_corner_a,
          co_window_paths_b, co_window_paths_a, co_window_paths_a,
          co_window_corner_cb, co_window_2corner, co_window_corner_b,
          co_window_of_opportunity_c, co_window_paths_d, co_window_4corner_b,
          glass_columns_a, glass_columns_a, glass_columns_b, glass_columns_a,
          glass_columns_b, chequers_guarded_unrand_ignorance, uniq_pikel,
          uniq_menkaure
D:8:      cheibrodos_fzero, layout_basic, erik_lair_orcish_takeover,
          minivault_10, kennysheep_doodads, uniq_joseph, uniq_erica
Temple:   compressed_dpeg_circular_temple

Notes
Turn   | Place    | Note
-------+----------+-------------------------------------------
     0 | D:1      | mortz the Djinni Conjurer began the quest for the Orb.
     0 | D:1      | Reached XP level 1. HP: 15/15 MP: 0/0
     0 | D:1      | magus.rc [v1.9.6]
   135 | D:1      | Reached XP level 2. HP: 9/21 MP: 0/0
   884 | D:1      | Reached XP level 3. HP: 24/25 MP: 0/0
   884 | D:1      | Learned a level 1 spell: Apportation
  1184 | D:1      | Reached skill level 4 in Spellcasting
  2048 | D:2      | Reached XP level 4. HP: 25/31 MP: 0/0
  3112 | D:3      | Reached skill level 2 in Stealth
  3180 | D:3      | Reached XP level 5. HP: 31/35 MP: 0/0
  3180 | D:3      | Learned a level 2 spell: Static Discharge
  3446 | D:3      | Found a stormy altar of Qazlal.
  3525 | D:3      | Found a faded altar of an unknown god.
  3760 | D:3      | magus.rc [v1.9.6]
  3772 | D:3      | Reached skill level 5 in Spellcasting
  3858 | D:3      | Found a glowing golden altar of the Shining One.
  3858 | D:3      | Found a shimmering altar of Xom.
  3959 | D:3      | Found a sparkling altar of Nemelex Xobeh.
  3971 | D:3      | Found a bloodstained altar of Trog.
  3974 | D:3      | Noticed a wizard
  3979 | D:3      | Killed a wizard
  4325 | D:4      | Reached XP level 6. HP: 36/40 MP: 0/0
  4540 | D:4      | Noticed an ogre
  4569 | D:4      | Killed an ogre
  4880 | D:4      | Found Urche's Book Shop.
  5970 | D:5      | Entered Level 5 of the Dungeon
  6063 | D:5      | Found a staircase to the Ecumenical Temple.
  6086 | D:5      | Reached skill level 3 in Stealth
  6086 | D:5      | Reached XP level 7. HP: 22/45 MP: 0/0
  6086 | D:5      | Learned a level 2 spell: Passwall
  6092 | Temple   | Entered the Ecumenical Temple
  6098 | Temple   | Became a worshipper of Gozag Ym Sagoz the Greedy
  6352 | D:5      | Reached skill level 6 in Spellcasting
  6876 | D:5      | HP: 11/45 [sky beast (6)]
  6878 | D:5      | Reached XP level 8. HP: 11/50 MP: 0/0
  7361 | D:5      | Reached skill level 4 in Stealth
  7672 | D:6      | Noticed Duvessa
  7678 | D:6      | Killed Duvessa
  7679 | D:6      | Reached skill level 7 in Spellcasting
  7681 | D:6      | Noticed Dowan
  7690 | D:6      | Killed Dowan
  7921 | D:6      | Noticed Edmund
  8064 | D:6      | Reached skill level 1 in Fighting
  8064 | D:6      | Reached skill level 3 in Dodging
  8068 | D:6      | Reached XP level 9. HP: 41/57 MP: 0/0
  8068 | D:6      | Learned a level 3 spell: Vampiric Draining
  8393 | D:5      | Reached skill level 8 in Spellcasting
  8585 | D:6      | HP: 14/57 [spore (35)]
  8605 | D:6      | HP: 11/57 [Edmund/+2 vorpal dire flail (4)]
  8606 | D:6      | Killed Edmund
  9201 | D:7      | Found a runed translucent door.
  9222 | D:7      | Found the +10 tower shield of Ignorance {rN+ Int-4}
  9255 | D:7      | Found Rineyl's Antique Armour Shoppe.
  9264 | D:7      | Bought a pair of embroidered gloves for 210 gold pieces
  9279 | D:7      | Found a runed translucent gate.
  9279 | D:7      | Found a runed translucent gate.
  9279 | D:7      | Found a runed translucent gate.
  9282 | D:7      | Found a runed translucent door.
  9284 | D:7      | Noticed an orange crystal statue
  9450 | D:7      | Noticed seaoflcl's ghost (novice HuFi)
  9817 | D:7      | HP: 12/57 [orc warrior/+0 long sword (13)]
 10120 | D:7      | Noticed Pikel
 10126 | D:7      | Killed Pikel
 10127 | D:7      | Reached skill level 1 in Armour
 10127 | D:7      | Reached skill level 4 in Dodging
 10127 | D:7      | Reached skill level 5 in Stealth
 10242 | D:7      | Reached skill level 2 in Armour
 10247 | D:7      | Reached skill level 9 in Spellcasting
 10247 | D:7      | Reached XP level 10. HP: 37/64 MP: 0/0
 10251 | D:7      | Reached skill level 2 in Fighting
 10737 | D:7      | Noticed Menkaure
 10912 | D:7      | Reached skill level 3 in Armour
 11865 | D:7      | Killed an orange crystal statue
 11873 | D:7      | Noticed an orange crystal statue
 11873 | D:7      | Noticed an orange crystal statue
 11873 | D:7      | Noticed an orange crystal statue
 11887 | D:7      | HP: 13/64 [centaur/arrow[an orange crystal statue] (6)]
 11888 | D:7      | HP: 5/64 [centaur/arrow[an orange crystal statue] (3)]
 12267 | D:8      | Reached skill level 5 in Dodging
 12300 | D:8      | Reached skill level 4 in Armour
 12306 | D:8      | Killed from afar by an acid dragon

Vanquished Creatures
  An orange crystal statue (D:7)
  Pikel (D:7)
  A hornet (D:7)
  6 yaks (D:7)
  A steam dragon (D:8)
  Edmund (D:6)
  2 water moccasins (D:5)
  Duvessa (D:6)
  An orc warrior (D:7)
  2 sky beasts
  A black bear (D:5)
  2 ogres
  2 lemures (D:7)
  A centaur (D:7)
  2 phantoms
  A kobold brigand (D:6)
  2 bullfrogs
  A scorpion (D:5)
  A water moccasin skeleton (D:6)
  Dowan (D:6)
  A howler monkey (D:7)
  A jelly (D:5)
  2 orc priests
  3 hounds
  2 iguanas
  5 orc wizards
  A hound zombie (D:5)
  4 gnolls (D:3)
  8 adders
  2 shadow imps
  3 ufetubi (D:5)
  2 worms
  2 dart slugs
  16 orcs
  7 ball pythons
  10 bats
  8 endoplasms
  8 giant cockroaches
  3 goblins
  5 hobgoblins
  6 jackals
  3 quokkas
  6 frilled lizards
  19 kobolds
  7 rats
165 creatures vanquished.

Vanquished Creatures (others)
  A wizard (D:3)
  15 fulminant prisms
16 creatures vanquished.

Grand Total: 181 creatures vanquished

Table legend:
 A = Non-vault XP
 B = Vault XP
 C = Vault XP percentage of total XP
 D = Non-vault monster count
 E = Vault monster count
 F = Vault count percentage of total count
                 A         B        C        D         E       F
            +---------+---------+-------+---------+---------+-------
      Total |    4294 |    1936 |  31.1 |     149 |      14 |   8.6
            +---------+---------+-------+---------+---------+-------
        D:1 |      42 |       0 |   0.0 |      26 |       0 |   0.0
        D:2 |      78 |       0 |   0.0 |      27 |       0 |   0.0
        D:3 |     133 |       0 |   0.0 |      25 |       0 |   0.0
        D:4 |      38 |     175 |  82.2 |      13 |       9 |  40.9
        D:5 |     894 |       0 |   0.0 |      14 |       0 |   0.0
        D:6 |     723 |     387 |  34.9 |      24 |       3 |  11.1
        D:7 |    2124 |    1374 |  39.3 |      18 |       2 |  10.0
        D:8 |     262 |       0 |   0.0 |       2 |       0 |   0.0
            +---------+---------+-------+---------+---------+-------

Illustrated notes

Table legend:
 A = Kills in this place as a percentage of kills in entire the game.
 B = Kills by you in this place as a percentage of kills by you in the entire game.
 C = Kills by friends in this place as a percentage of kills by friends in the entire game.
 D = Other kills in this place as a percentage of other kills in the entire game.
 E = Experience gained in this place as a percentage of experience gained in the entire game.
 F = Experience gained in this place divided by the number of levels of this place that you have seen.
                   A       B       C       D       E      F
               +-------+-------+-------+-------+-------+----------------------
         Total | 100.0 | 100.0 |   N/A |   N/A | 100.0 | 692.2
       Dungeon | 100.0 | 100.0 |   N/A |   N/A | 100.0 | 778.8
               +-------+-------+-------+-------+-------+----------------------

Table legend: (Time is in decaauts)
 A = Elapsed time spent in this place.
 B = Non-inter-level travel time spent in this place.
 C = Inter-level travel time spent in this place.
 D = Time resting spent in this place.
 E = Time spent auto-exploring this place.
 F = Levels seen in this place.
 G = Mean time per level.
                   A        B        C        D        E       F      G
               +--------+--------+--------+--------+--------+-----+--------+
         Total |  12312 |  11972 |    340 |   2397 |   8272 |   9 | 1368.0 |
       Dungeon |  12092 |  11752 |    340 |   2397 |   8079 |   8 | 1511.5 |
        Temple |    220 |    220 |      0 |      0 |    193 |   1 |  220.0 |
               +--------+--------+--------+--------+--------+-----+--------+

Top non-repeatable levels by time:
     D:7: 2583 daAuts
     D:5: 1927 daAuts
     D:4: 1696 daAuts
     D:6: 1571 daAuts
     D:2: 1553 daAuts
     D:1: 1548 daAuts
     D:3: 1169 daAuts
  Temple: 220 daAuts
     D:8: 42 daAuts
